 Dungeon Crawl Stone Soup version 0.30-a0-600-gb7c8574cbb (webtiles) character file.

Game seed: 5286145404168383304

1512 Dartaoz the Trooper (level 8, -2/63 HPs)
             Began as a Demonspawn Fighter on Jan 7, 2023.
             Slain by an orc warrior
             ... wielding a +0 scimitar of holy wrath
              (4 damage)
             ... on level 7 of the Dungeon.
             The game lasted 00:20:32 (6046 turns).

Dartaoz the Trooper (Demonspawn Fighter)            Turns: 6046, Time: 00:20:33

Health: -2/63      AC: 16    Str: 17    XL:     8   Next: 53%
Magic:  8/8        EV:  8    Int: 15    God:
Gold:   407        SH:  5    Dex: 15    Spells: 7/7 levels left

rFire   . . .      SeeInvis .    a - +0 long sword
rCold   . . .      Faith    .    c - +0 buckler
rNeg    . . .      Spirit   .    v - +0 chain mail
rPois   +          Reflect  .    f - +1 helmet
rElec   .          Harm     .    D - +1 cloak {rPois}
rCorr   .          Rampage  .    (no gloves)
Will    .....                    (no boots) Stlth
                                 (no amulet)
HPRegen 0.30/turn                l - +6 ring of intelligence
MPRegen 0.11/turn                (no ring)

@: no status effects
A: icy blue scales 1, spiny 2, weakness stinger 2
a: no special abilities


You were on level 7 of the Dungeon.
You visited 1 branch of the dungeon, and saw 7 of its levels.

You collected 407 gold pieces.

Inventory:

Hand Weapons
 a - a +0 long sword (weapon)
Missiles
 x - 5 poisoned darts (quivered)
 F - a throwing net
Armour
 b - a +0 scale mail
 c - a +0 buckler (worn)
 f - a +1 helmet (worn)
 v - a +0 chain mail (worn)
 D - a +1 cloak of poison resistance (worn)
Jewellery
 l - a +6 ring of intelligence (left hand)
 n - a ring of ice
 q - an amulet of guardian spirit
Wands
 s - a wand of mindburst (20)
 y - a wand of digging (1)
 G - a wand of acid (14)
Scrolls
 e - 3 scrolls of teleportation
 h - 4 scrolls of enchant armour
 j - a scroll of identify {unknown}
 m - 2 scrolls of vulnerability {unknown}
 p - a scroll of silence {unknown}
 u - a scroll of fear {unknown}
 w - 2 scrolls of torment {unknown}
 B - a scroll of noise {unknown}
 C - a scroll of magic mapping {unknown}
 E - 2 scrolls of immolation {unknown}
 H - a scroll of amnesia {unknown}
 K - a scroll of blinking {unknown}
Potions
 d - 3 potions of might
 g - 3 potions of heal wounds {unknown}
 i - 2 potions of lignification
 k - a potion of cancellation {unknown}
 o - a potion of resistance {unknown}
 r - a potion of magic {unknown}
 t - a potion of curing {unknown}
 z - a potion of experience {unknown}
 A - 4 potions of mutation {unknown}
 I - 2 potions of brilliance {unknown}
 J - a potion of degeneration {unknown}


   Skills:
 + Level 5.6 Fighting
 + Level 4.5 Long Blades
 + Level 5.1 Armour
 + Level 4.1 Dodging
 + Level 5.1 Shields


You had 7 spell levels left.
You didn't know any spells.
Your spell library contained the following spells:

 Spells                   Type           Power      Damage    Failure   Level
 Magic Dart               Conj           0%         1d3       99%         1
 Call Imp                 Summ           0%         N/A       100%        2
 Sublimation of Blood     Necr           0%         N/A       100%        2
 Wereblood                Tmut           0%         N/A       100%        2
 Gell's Gravitas          Tloc           0%         N/A       100%        3
 Lesser Beckoning         Tloc           0%         N/A       100%        3
 Mephitic Cloud           Conj/Pois/Air  0%         N/A       100%        3
 Summon Guardian Golem    Hex/Summ       0%         N/A       100%        3
 Teleport Other           Tloc           0%         N/A       100%        3
 Orb of Destruction       Conj           0%         9d5       100%        7
 Spellforged Servitor     Conj/Summ      0%         N/A       100%        7
 Summon Hydra             Summ           0%         N/A       100%        7


Dungeon Overview and Level Annotations

Branches:
Dungeon (7/15)             Temple (0/1) D:6

Altars:
Cheibriados
Uskayaw

Shops:
D:7 *

Annotations:
D:5 3 runed translucent doors, kaisn's ghost, novice OpHW
D:7 Maggie


Innate Abilities, Weirdness & Mutations

You are partially covered in icy blue scales. (AC +2)
You are mostly covered in sharp spines.
You have a tail ending in a sharp stinger.


Message History

The orc warrior hits you but does no damage.
Maggie practices a pose.
The orc warrior attacks as you move away!
The orc warrior hits you with a +0 scimitar of holy wrath!
* * * LOW HITPOINT WARNING * * *
You convulse.
* * * LOW HITPOINT WARNING * * *
There is an open door here.
The orc warrior attacks as you move away!
The orc warrior hits you but does no damage.
The orc warrior attacks as you move away!
The orc warrior barely misses you.
You see here a +0 scale mail.
The orc warrior attacks as you move away!
The orc warrior closely misses you.
The orc warrior attacks as you move away!
You block the orc warrior's attack.
The orc warrior attacks as you move away!
The orc warrior barely misses you.
You see here a black bear corpse.
The orc warrior hits you with a +0 scimitar of holy wrath.
* * * LOW HITPOINT WARNING * * *
You convulse.
* * * LOW HITPOINT WARNING * * *
The orc warrior attacks as you move away!
The orc warrior hits you with a +0 scimitar of holy wrath.
* * * LOW HITPOINT WARNING * * *
You convulse.
* * * LOW HITPOINT WARNING * * *
Maggie says, "If you die in the Dungeon, but nobody's around to see it, does it really matter?"
Maggie gives herself a magical halo, but it quickly sputters out.
The orc warrior attacks as you move away!
The orc warrior misses you.
The orc warrior attacks as you move away!
The orc warrior barely misses you.
The orc warrior attacks as you move away!
The orc warrior hits you with a +0 scimitar of holy wrath.
* * * LOW HITPOINT WARNING * * *
You convulse.
You die...

#. #.# #. #[# .>
#.# #.#
##################
#.#
#.................
#.###
#.################
#.#....#.#
#.#.##.#.#
#.#(##.#@#
#.#.##.#o#
#@#.##.#.#
#.#.##.#o#
#.#.##.#.#
#†#.@...@#
#......#.#
########.# ###


You could see Maggie, an orc warrior and an orc.

Vanquished Creatures
  Edmund (D:4)
  2 black bears
  3 ogres
  Blork the orc (D:4)
  A bullfrog (D:6)
  A scorpion (D:6)
  2 howler monkeys
  3 hounds
  Crazy Yiuf (D:4)
  2 orc priests
  2 iguanas
  7 orc wizards
  Robin (D:3)
  6 gnolls
  7 adders
  2 shadow imps
  2 worms
  6 dart slugs
  25 orcs
  7 endoplasms
  2 giant cockroaches (D:1)
  10 goblins
  8 hobgoblins
  6 jackals
  12 kobolds
  5 quokkas
  4 ball pythons
  7 bats
  2 frilled lizards
  5 rats
143 creatures vanquished.

Vanquished Creatures (others)
  4 fungi
  2 plants (D:5)
6 creatures vanquished.

Grand Total: 149 creatures vanquished

Notes
Turn   | Place    | Note
-------+----------+-------------------------------------------
     0 | D:1      | Dartaoz the Demonspawn Fighter began the quest for the Orb.
     0 | D:1      | Reached XP level 1. HP: 18/18 MP: 1/1
   143 | D:1      | Gained mutation: You have a small tail. [demonic ancestry]
   143 | D:1      | Reached XP level 2. HP: 24/24 MP: 2/2
   677 | D:2      | Gained mutation: You are partially covered in sharp spines.
                  | [demonic ancestry]
   677 | D:2      | Reached XP level 3. HP: 29/29 MP: 3/3
   723 | D:2      | Reached skill level 1 in Dodging
  1196 | D:3      | Gained mutation: You have a tail ending in a sharp stinger.
                  | [demonic ancestry]
  1196 | D:3      | Reached XP level 4. HP: 35/35 MP: 4/4
  1443 | D:3      | Found a hide-covered altar of Uskayaw.
  2045 | D:3      | Noticed Robin
  2060 | D:3      | Killed Robin
  2061 | D:3      | Reached XP level 5. HP: 36/42 MP: 5/5
  2353 | D:4      | Noticed Edmund
  2384 | D:4      | Killed Edmund
  2385 | D:4      | Reached XP level 6. HP: 7/48 MP: 6/6
  2396 | D:4      | Noticed Blork the orc
  2573 | D:4      | Killed Blork the orc
  3275 | D:4      | Found a runed translucent door.
  3276 | D:4      | Noticed Crazy Yiuf
  3402 | D:4      | Gained mutation: You are partially covered in icy blue
                  | scales. (AC +2) [demonic ancestry]
  3402 | D:4      | Reached XP level 7. HP: 26/55 MP: 7/7
  3772 | D:4      | Killed Crazy Yiuf
  3781 | D:4      | HP: 4/82 [poisoned by Crazy Yiuf]
  4029 | D:5      | Entered Level 5 of the Dungeon
  4116 | D:5      | Found a runed translucent gate.
  4117 | D:5      | Found a runed translucent gate.
  4118 | D:5      | Found a runed translucent gate.
  4118 | D:5      | Noticed kaisn's ghost (novice OpHW)
  4695 | D:5      | Reached skill level 5 in Fighting
  5122 | D:6      | Gained mutation: You are mostly covered in sharp spines.
                  | [demonic ancestry]
  5122 | D:6      | Reached XP level 8. HP: 28/62 MP: 8/8
  5399 | D:6      | Found a staircase to the Ecumenical Temple.
  5620 | D:6      | Reached skill level 5 in Armour
  5620 | D:6      | Reached skill level 5 in Shields
  5707 | D:6      | Found a snail-covered altar of Cheibriados.
  5822 | D:7      | Found Jubun's Elemental Accessories.
  6003 | D:7      | Noticed Maggie
  6046 | D:7      | HP: 2/63 [orc warrior/+0 scimitar of holy wrath (6)]
  6046 | D:7      | Slain by an orc warrior

Illustrated notes

Levels and vault maps discovered:
D:1:      dpeg_arrival_pond, layout_loops_ring
D:2:      layout_rooms
D:3:      layout_basic, mainiacjoe_overflow_chevrons, kennysheep_orc_chapel,
          uniq_robin
D:4:      layout_rooms, lemuel_coloured_pillars_altar, uniq_edmund,
          uniq_crazy_yiuf_cottage, uniq_blork_the_orc
D:5:      layout_basic, gammafunk_ghost_nasty_kobolds, kennysheep_generic_room_5
D:6:      layout_basic, mainiacjoe_overflow_six_doors_small,
          minmay_temple_entry_from_below_b
D:7:      layout_basic, nicolae_elemental_shop, uniq_maggie

Skill      XL: |  1  2  3  4  5  6  7  8 |
---------------+-------------------------+-----
Long Blades    | 2 3 4 |  4.5
Armour         | 3 4 5 |  5.1
Dodging        | 1 2 3 4 |  4.1
Shields        | 3 4 5 |  5.1
Fighting       | 4 5 |  5.6

Action                   |  1- 3 |  4- 6 |  7- 9 || total
-------------------------+-------+-------+-------++-------
Melee: Long sword        |    91 |   130 |   146 ||   367
       Tailslap          |     8 |    11 |    26 ||    45
Throw: Dart              |       |     8 |       ||     8
  Use: Scroll            |       |       |     2 ||     2
       Potion            |       |       |     1 ||     1
Armor: Scale mail        |    39 |    53 |       ||    92
       Chain mail        |       |       |    81 ||    81
Dodge: Dodged            |    45 |    64 |    41 ||   150
Block: Buckler           |    18 |    38 |    29 ||    85

Table legend: (Time is in decaauts)
 A = Elapsed time spent in this place.
 B = Non-inter-level travel time spent in this place.
 C = Inter-level travel time spent in this place.
 D = Time resting spent in this place.
 E = Time spent auto-exploring this place.
 F = Levels seen in this place.
 G = Mean time per level.
                   A        B        C        D        E       F      G
               +--------+--------+--------+--------+--------+-----+--------+
         Total |   6154 |   5916 |    238 |    672 |   3987 |   7 |  879.1 |
       Dungeon |   6154 |   5916 |    238 |    672 |   3987 |   7 |  879.1 |
               +--------+--------+--------+--------+--------+-----+--------+

Top non-repeatable levels by time:
     D:3: 1502 daAuts
     D:4: 1400 daAuts
     D:5: 1082 daAuts
     D:6: 729 daAuts
     D:1: 646 daAuts
     D:2: 558 daAuts
     D:7: 234 daAuts
